 Dungeon Crawl Stone Soup version 0.31.0-9-g3a7656b989 (webtiles) character file.

Game seed: 11108462909211195369

58 qw the Shooter (level 3, -5/20 HPs)
             Began as a Deep Elf Hunter on Feb 2, 2024.
             Slain by a hobgoblin
             ... wielding a +0 spear
             ... led by Robin
              (8 damage)
             ... on level 3 of the Dungeon.
             The game lasted 00:00:04 (1322 turns).

qw the Shooter (Deep Elf Hunter)                    Turns: 1322, Time: 00:00:05

Health: -5/20      AC:  6    Str:  9 (10) XL:     3   Next: 75%
Magic:  5/5        EV: 13    Int: 12 (13) God:
Gold:   108        SH:  0    Dex: 17 (18) Spells: 2/2 levels left

rFire   . . .        a - +1 shortbow
rCold   . . .        (shield currently unavailable)
rNeg    . . .        e - +0 scale mail
rPois   .            (no helmet)
rElec   .            (no cloak)
rCorr   .            (no gloves)
SInv    .            (no boots)
Will    .....        (no amulet)
Stlth   +            c - +5 ring of evasion
HPRegen 0.23/turn    (no ring)
MPRegen 0.09/turn

%: no passive effects
@: no status effects
A: no striking features
a: no special abilities


You were on level 3 of the Dungeon.
You visited 1 branch of the dungeon, and saw 3 of its levels.

You collected 108 gold pieces.


   Skills:
 - Level 1.5 Fighting
 + Level 7.2 Ranged Weapons
 - Level 2.4 Dodging
 - Level 1.2 Stealth


You had 2 spell levels left.
You didn't know any spells.
Your spell library was empty.

Inventory:

Hand Weapons
 a - a +1 shortbow (weapon)
Armour
 e - a +0 scale mail (worn)
Jewellery
 c - a +5 ring of evasion (left hand)
Wands
 k - a wand of digging (6)
Potions
 b - 2 potions of curing
 f - a potion of invisibility {unknown}
 i - a potion of haste {unknown}
 j - 2 potions of enlightenment
 l - a potion of resistance {unknown}

Dungeon Overview and Level Annotations

Branches:
Dungeon (3/15)

Altars:


Message History

The goblin goes into a battle-frenzy!
A goblin comes into view. It is wielding a +0 club.
You shoot an arrow. The arrow hits Robin.
Robin is lightly wounded.
Robin roars a battlecry!
The goblin goes into a battle-frenzy!
The hobgoblin closely misses you.
You shoot an arrow. The arrow barely misses Robin.
Robin misses you. The hobgoblin barely misses you.
Robin hits you but does no damage. The hobgoblin misses you.
You shoot an arrow. The arrow hits Robin.
Robin is moderately wounded.
Robin barely misses you. The hobgoblin barely misses you.
You shoot an arrow. The arrow hits Robin!
Robin is severely wounded.
Robin hits you but does no damage. The hobgoblin hits you.
You shoot an arrow. The arrow closely misses Robin.
Robin completely misses you. The hobgoblin hits you. Robin misses you.
The hobgoblin barely misses you.
You shoot an arrow. The arrow barely misses Robin.
Robin hits you with a +0 falchion. The hobgoblin closely misses you.
You shoot an arrow. The arrow hits Robin.
Robin is almost dead.
Robin closely misses you.
The hobgoblin hits you. x2; Robin barely misses you.
You shoot an arrow. The arrow barely misses Robin.
Robin hits you with a +0 falchion.
The hobgoblin hits you but does no damage.
You shoot an arrow. The arrow hits Robin.
You kill Robin!
You shoot an arrow. The arrow hits the hobgoblin.
The hobgoblin is almost dead.
The hobgoblin no longer looks unusually strong.
The goblin no longer looks unusually strong.
The hobgoblin hits you but does no damage.
The hobgoblin closely misses you. The goblin barely misses you.
You shoot an arrow.
The arrow completely misses the hobgoblin.
The goblin no longer looks unusually strong. x2
The hobgoblin hits you from afar with a +0 spear!
You die...

##########
#@g......#
#g######.#
#g#
#.#########
#g#
#..........
#g#
###########
.). #.# #..


You could see 2 hobgoblins and 3 goblins.

Vanquished Creatures
  Robin (D:3)
  An adder (D:2)
  4 endoplasms
  A giant cockroach (D:1)
  4 goblins
  7 hobgoblins
  3 jackals (D:2)
  3 kobolds
  3 ball pythons
  2 bats
  A frilled lizard (D:2)
  3 rats
33 creatures vanquished.

Notes
Turn   | Place    | Note
-------+----------+-------------------------------------------
     0 | D:1      | qw the Deep Elf Hunter began the quest for the Orb.
     0 | D:1      | Reached XP level 1. HP: 12/12 MP: 3/3
     0 | D:1      | 0 ||| qw: Version: 0.3-a-155-g5e7d8dd
     0 | D:1      | 0 ||| qw: Game counter: 773
     0 | D:1      | 0 ||| qw: Melee chars always use a shield: true
     0 | D:1      | 0 ||| qw: God list: Okawaru
     0 | D:1      | 0 ||| qw: Allow faded altars: false
     0 | D:1      | 0 ||| qw: Do Orc after clearing Dungeon:15 true
     0 | D:1      | 0 ||| qw: Do second Lair branch before Depths: true
     0 | D:1      | 0 ||| qw: Lair rune preference: random
     0 | D:1      | 0 ||| qw: Goals: Normal
     0 | D:1      | 0 ||| PLANNING D:1-11
   363 | D:1      | Reached XP level 2. HP: 16/16 MP: 4/4
   412 | D:1      | Reached skill level 6 in Ranged Weapons
   424 | D:1      | 424 ||| UPGRADING to +0 scale mail.
   434 | D:1      | 434 ||| DROPPING +0 leather armour.
   435 | D:1      | 435 ||| READING scroll labelled KOCEOF RUHASCH.
   436 | D:1      | 436 ||| READING scroll labelled FUYNGI JACU.
   436 | D:1      | 436 ||| IDENTIFYING viscous ruby potion
   437 | D:1      | 437 ||| READING scroll labelled NINWYTHRAED.
   438 | D:1      | 438 ||| DRINKING 2 fizzy silvery potions.
   439 | D:1      | 439 ||| DROPPING scroll of butterflies.
   440 | D:1      | 440 ||| DROPPING potion of brilliance.
   441 | D:1      | 441 ||| DROPPING potion of lignification.
   649 | D:2      | Reached XP level 3. HP: 20/20 MP: 5/5
  1090 | D:2      | Identified the +3 mace "Kudoen" {flame, rC- Str+4}
  1103 | D:2      | 1103 ||| UPGRADING to +5 ring of evasion.
  1104 | D:2      | 1104 ||| READING scroll labelled NIOFFO TUMUEM.
  1104 | D:2      | 1104 ||| ENCHANTING +0 shortbow.
  1105 | D:2      | 1105 ||| READING scroll labelled UTOERO ASIAT.
  1105 | D:2      | 1105 ||| ENCHANTING +0 shortbow.
  1106 | D:2      | 1106 ||| READING scroll labelled CEOTTICRE HILU.
  1207 | D:2      | 1207 ||| DRINKING 3 bubbling golden potions.
  1208 | D:2      | 1208 ||| DRINKING 2 black potions.
  1209 | D:2      | 1209 ||| DRINKING 2 orange potions.
  1210 | D:2      | 1210 ||| DRINKING 2 dark potions.
  1211 | D:2      | 1211 ||| DROPPING potion of attraction.
  1212 | D:2      | 1212 ||| DROPPING potion of degeneration.
  1302 | D:3      | Noticed Robin
  1305 | D:3      | Reached skill level 7 in Ranged Weapons
  1318 | D:3      | HP: 3/20 [hobgoblin[Robin] (4)]
  1320 | D:3      | Killed Robin
  1322 | D:3      | Slain by a hobgoblin

Levels and vault maps discovered:
D:1:      dpeg_arrival_arbitrary_a, layout_basic
D:2:      layout_basic, serial_bayou_pond_e, grunt_decor_arrowhead,
          minmay_split_cup_small
D:3:      layout_basic, mainiacjoe_overflow_concentric_impassable,
          minmay_misc_feat_hallway, uniq_grinder, uniq_jessica, uniq_robin,
          uniq_sigmund

Skill      XL: |  1  2  3 |
---------------+----------+-----
Ranged Weapons | 6 7 |  7.2
Fighting       | |  1.5
Dodging        | |  2.4
Stealth        | |  1.2

Action                     || total
---------------------------++-------
   Fire: Shortbow          ||    85
    Use: Scroll            ||     6
         Potion            ||     5
 Armour: Scale mail        ||    46
  Dodge: Dodged            ||    37

Table legend:
 A = Non-vault XP
 B = Vault XP
 C = Vault XP percentage of total XP
 D = Non-vault monster count
 E = Vault monster count
 F = Vault count percentage of total count
                 A         B        C        D         E       F
            +---------+---------+-------+---------+---------+-------
      Total |      56 |      27 |  32.5 |      26 |       7 |  21.2
            +---------+---------+-------+---------+---------+-------
        D:1 |      13 |       0 |   0.0 |       8 |       0 |   0.0
        D:2 |      36 |       5 |  12.2 |      14 |       3 |  17.6
        D:3 |       7 |      22 |  75.9 |       4 |       4 |  50.0
            +---------+---------+-------+---------+---------+-------
